 Dungeon Crawl Stone Soup version 0.28.0 (webtiles) character file.

Game seed: 2456407007394089742

8 browni3141 the Shield-Bearer (level 2, -5/27 HPs)
             Began as a Minotaur Fighter on Feb 11, 2022.
             Slain by Sigmund (8 damage)
             ... on level 4 of the Dungeon.
             The game lasted 00:00:30 (345 turns).

browni3141 the Shield-Bearer (Minotaur Fighter)      Turns: 345, Time: 00:00:30

Health: -5/27      AC: 10    Str: 20    XL:     2   Next: 0%
Magic:  1/1        EV:  9    Int:  5    God:
Gold:   26         SH:  4    Dex:  9    Spells: 1/1 levels left

rFire   . . .      SeeInvis .   a - +0 war axe
rCold   . . .      Faith    .   c - +0 buckler
rNeg    . . .      Spirit   .   b - +0 scale mail
rPois   .          Reflect  .   (helmet restricted)
rElec   .          Harm     .   i - +1 cloak
rCorr   .          Rampage  .   (no gloves)
Will    .....                   h - +0 pair of boots
Stlth   ..........              (no amulet)
HPRegen 0.09/turn               (no ring)
MPRegen 0.07/turn               (no ring)

@: no status effects
A: horns 2, retaliatory headbutt
a: no special abilities


You were on level 4 of the Dungeon.
You visited 1 branch of the dungeon, and saw 4 of its levels.

You collected 26 gold pieces.

Inventory:

Hand Weapons
 a - a +0 war axe (weapon)
Armour
 b - a +0 scale mail (worn)
 c - a +0 buckler (worn)
 h - a +0 pair of boots (worn)
 i - a +1 cloak (worn)
Scrolls
 f - a scroll of identify {unknown}
Potions
 d - a potion of might
 e - a potion of curing {unknown}
 g - a potion of heal wounds {unknown}
 j - a potion of magic {unknown}
 k - a potion of attraction {unknown}


   Skills:
 + Level 3.8 Fighting
 + Level 2.7 Axes
 + Level 3.8 Armour
 + Level 3.8 Shields


You had one spell level left.
You didn't know any spells.
Your spell library was empty.

Dungeon Overview and Level Annotations

Branches:
Dungeon (4/15)
 Temple: D:4-7

Altars:
Ashenzari
Gozag

Annotations:
D:4 Sigmund


Innate Abilities, Weirdness & Mutations

You have a pair of horns on your head.
You reflexively headbutt those who attack you in melee.


Message History

Sigmund screams, "You will never...
NEVER!!!"
Sigmund closely misses you.
You are too confused!
You bump into the rock wall.
Sigmund hits you with a +0 scythe.
You are too confused!
You bump into the rock wall.
You are too confused!
You are too confused!
You bump into the rock wall.
Sigmund gestures wildly while chanting.
Sigmund flickers and vanishes!
Deactivating autopickup; reactivate with Ctrl-A.
You are too confused!
You're too confused to move!
You feel less confused. Something hits you but does no damage.
No target in view!
You miss something. Your headbutt misses something. Something hits you.
No target in view!
You hit something. Something hits you.
No target in view!
You barely miss something. Something hits you.
No target in view!
You closely miss something. Something hits you but does no damage.
No target in view!
You closely miss something. You block something's attack.
No target in view!
You hit something. Something hits you.
No target in view!
You miss something. Something hits you but does no damage.
No target in view!
You miss something.
No target in view!
You miss something.
You hear some strange, mumbled words.
A puff of flame appears from out of thin air!
The puff of flame hits you!
* * * LOW HITPOINT WARNING * * *
Something hits you!
You die...

######.#
#@{....#
#.###### #.#
##### ###.###
#..<# #.....#
###.#.# #.#.#.#
#.....#+#...#.#
#.#.#.....### #
# #..†....+


There were no monsters in sight!

Vanquished Creatures
  2 endoplasms
  A quokka (D:4)
  A ball python (D:2)
  A bat (D:2)
  A frilled lizard (D:2)
  A kobold (D:3)
  2 rats
9 creatures vanquished.

Notes
Turn   | Place    | Note
-------+----------+-------------------------------------------
     0 | D:1      | browni3141 the Minotaur Fighter began the quest for the
                  | Orb.
     0 | D:1      | Reached XP level 1. HP: 19/19 MP: 0/0
   131 | D:2      | Found a faded altar of an unknown god.
   286 | D:3      | Found a broken altar of Ashenzari.
   286 | D:3      | Found an opulent altar of Gozag.
   311 | D:4      | Reached XP level 2. HP: 27/27 MP: 1/1
   323 | D:4      | Noticed Sigmund
   345 | D:4      | Slain by Sigmund

Illustrated notes

Levels and vault maps discovered:
D:1:      pf_arrival_petrified_forest, layout_basic, serial_shops,
          nicolae_shop_trees
D:2:      layout_rooms, ebering_ecumenical_altar_mist, hangedman_glass_teeth,
          kennysheep_generic_room_14, uniq_natasha
D:3:      layout_loops_ring, mainiacjoe_overflow_large_starburst,
          minmay_fountain_box, nicolae_concentric_dashed_squares_mild
D:4:      layout_basic, general_overflow_altar, serial_co_window_serial,
          co_window_corner_a, co_window_paths_a, co_window_corner_a,
          co_window_corner_a, co_window_of_opportunity_a, co_window_corner_cb,
          co_window_of_opportunity_c, co_window_corner_ca, co_window_broadway_a,
          co_window_unsneaky_path_a, co_window_corner_cb, co_window_broadway_b,
          uniq_sigmund

Action                   || total
-------------------------++-------
Melee: War axe           ||    29
       Headbutt          ||     3
Armor: Scale mail        ||    16
Dodge: Dodged            ||     7
Block: Buckler           ||     1
